 Dungeon Crawl Stone Soup version 0.24-a0-264-gf46a388 (webtiles) character file.

Game seed: 1021469828263420424

9 Lanoc the Chopper (level 2, -2/25 HPs)
             Began as a Minotaur Gladiator on Apr 20, 2019.
             Slain by a gnoll
             ... wielding a +0 halberd
              (11 damage)
             ... on level 3 of the Dungeon.
             The game lasted 00:00:31 (147 turns).

Lanoc the Chopper (Minotaur Gladiator)               Turns: 147, Time: 00:00:32

Health: -2/25      AC:  3    Str: 18    XL:     2   Next: 6%
Magic:  1/1        EV: 13    Int:  5    God:
Gold:   32         SH:  0    Dex: 11    Spells: 1/1 levels left

rFire    . . .     SeeInvis .   a - +0 war axe
rCold    . . .     Gourm    .   (no shield)
rNeg     . . .     Faith    .   b - +0 leather armour
rPois    .         Spirit   .   c - +0 hat
rElec    .         Reflect  .   (no cloak)
rCorr    .         Harm     .   (no gloves)
MR       .....                  (no boots)
Stlth    +.........             h - amulet of the acrobat
HPRegen  0.08/turn              (no ring)
MPRegen  0.07/turn              (no ring)

@: no status effects
A: retaliatory headbutt, horns 2
a: no special abilities


You were on level 3 of the Dungeon.
You were not hungry.

You visited 1 branch of the dungeon, and saw 3 of its levels.

You collected 32 gold pieces.

Inventory:

Hand Weapons
 a - a +0 war axe (weapon)
Missiles
 d - 3 throwing nets (quivered)
Armour
 b - a +0 leather armour (worn)
 c - a +0 hat (worn)
Jewellery
 h - an amulet of the acrobat (around neck)
Scrolls
 e - a scroll of remove curse {unknown}
 g - 2 scrolls of identify {unknown}
Potions
 i - a potion of magic {unknown}
Comestibles
 f - a ration


   Skills:
 + Level 2.6 Fighting
 * Level 3.9 Axes
 - Level 2.0 Throwing
 + Level 0.7 Armour
 + Level 3.4 Dodging


You had one spell level left.
You didn't know any spells.
Your spell library was empty.

Dungeon Overview and Level Annotations

Branches:
Dungeon (3/15)

Altars:


Innate Abilities, Weirdness & Mutations

You reflexively headbutt those who attack you in melee.
You have a pair of horns on your head.


Message History

The gnoll misses you.
The gnoll hits you from afar with a +0 spear.
There is a stone staircase leading up here.
The gnoll misses you. The gnoll hits you with a +0 spear.
The gnoll hits you but does no damage.
You see here a throwing net.
You hit the gnoll.
The gnoll is lightly wounded.
You closely miss the gnoll. The gnoll hits you with a +0 spear.
The gnoll completely misses you. The gnoll closely misses you.
The gnoll completely misses you.
Your leather armour prevents you from hitting the gnoll.
The gnoll is lightly wounded.
You closely miss the gnoll. The gnoll barely misses you.
The gnoll closely misses you. The gnoll hits you with a +0 spear.
You hit the gnoll.
The gnoll is heavily wounded.
You slash the gnoll! The gnoll misses you.
The gnoll hits you with a +0 spear. x2
The gnoll hits you from afar with a +0 halberd!
You die...

#######
.....Sg##########
...<.gg@<........
.###rg####.....##
.... .#..## ...>
## ## ..# .


You could see 3 gnolls, an adder, a hobgoblin and a rat.

Vanquished Creatures
  A dart slug (D:1)
  A giant cockroach (D:1)
  A goblin (D:1)
  2 hobgoblins (D:1)
  A bat (D:2)
  A kobold (D:1)
7 creatures vanquished.

Notes
Turn   | Place    | Note
-------+----------+-------------------------------------------
     0 | D:1      | Lanoc the Minotaur Gladiator began the quest for the Orb.
     0 | D:1      | Reached XP level 1. HP: 18/18 MP: 0/0
    58 | D:1      | Reached XP level 2. HP: 21/25 MP: 1/1
   147 | D:3      | Slain by a gnoll

Levels and vault maps discovered:
D:1:      scummos_arrival_checkerplants, layout_rooms,
          minmay_misc_feat_enclosed, kennysheep_decorative_pillar
D:2:      layout_basic, lemuel_doored_altar, first_ration, minivault_27
D:3:      layout_rooms, grunt_temple_overflow_gold_and_silver,
          okawaru_altar_gauntlet_db, tso_oasis_becter

Action                   || total
-------------------------++-------
Melee: War axe           ||    18
       Headbutt          ||     2
Armor: Leather armour    ||    11
Dodge: Dodged            ||    22

Table legend:
 A = Non-vault XP
 B = Vault XP
 C = Vault XP percentage of total XP
 D = Non-vault monster count
 E = Vault monster count
 F = Vault count percentage of total count
                 A         B        C        D         E       F
            +---------+---------+-------+---------+---------+-------
      Total |      14 |       0 |   0.0 |       7 |       0 |   0.0
            +---------+---------+-------+---------+---------+-------
        D:1 |      13 |       0 |   0.0 |       6 |       0 |   0.0
        D:2 |       1 |       0 |   0.0 |       1 |       0 |   0.0
            +---------+---------+-------+---------+---------+-------
